 Dungeon Sprint DCSS version 0.27-a0-93-g19769c27d7 (webtiles) character file.

Game seed: 16009602701330935375

20 rocky1 the Chiller (level 2, 0/28 HPs)
             Began as a Merfolk Ice Elementalist on Jan 17, 2021.
             Was a Believer of Sif Muna.
             Slain by a frilled lizard (1 damage)
             ... in the Dungeon (Sprint VII: "The Pits").
             The game lasted 00:01:17 (341 turns).

rocky1 the Chiller (Merfolk Ice Elementalist)        Turns: 341, Time: 00:01:17

Health: 0/28       AC:  2    Str:  8    XL:     2   Next: 79%
Magic:  5/5        EV: 13    Int: 14    God:    Sif Muna [**....]
Gold:   0          SH:  0    Dex: 14    Spells: 5/6 levels left

rFire    . . .     SeeInvis .   b - +2 trident
rCold    . . .     Faith    .   (no shield)
rNeg     . . .     Spirit   .   a - +0 robe
rPois    .         Reflect  .   (no helmet)
rElec    .         Harm     .   (no cloak)
rCorr    .         Rampage  .   (no gloves)
Will     .....     NoTele   +   (no boots)
Stlth    ..........             (no amulet)
HPRegen  0.09/turn              (no ring)
MPRegen  0.09/turn              (no ring)

@: berserking (expiring), very quick
A: change form in water, swift swim, stealthy swim
a: Renounce Religion, Channel Magic


You were in the Dungeon.
You worshipped Sif Muna.
Sif Muna was pleased with you.
You visited 1 branch

Inventory:

Hand Weapons
 b - a +2 trident (weapon)
Armour
 a - a +0 robe (worn)
Scrolls
 h - a scroll of blinking
 j - 3 scrolls of remove curse
 k - 5 scrolls of amnesia
 l - a scroll of summoning
Potions
 c - a potion of curing
 d - a potion of heal wounds
 e - a potion of haste
 f - 4 potions of magic
 g - 2 potions of berserk rage
 i - 2 potions of invisibility


   Skills:
 + Level 2.4 Polearms
 - Level 2.6 Dodging
 - Level 2.1 Stealth
 + Level 2.6 Spellcasting
 * Level 6.2 Ice Magic
 + Level 1.8 Invocations


You had 5 spell levels left.
You knew the following spells:

 Your Spells              Type           Power        Failure   Level
a - Freeze                Ice            76%          1%          1

Your spell library contained the following spells:

 Spells                   Type           Power        Failure   Level
 Frozen Ramparts          Ice            38%          4%          3
 Ozocubu's Armour         Ice            19%          4%          3
 Hailstorm                Conj/Ice       10%          52%         4
 Summon Ice Beast         Ice/Summ       10%          52%         4


Dungeon Overview and Level Annotations

Branches:
Dungeon (1/1)

Altars:
Ashenzari
Cheibriados
Dithmenos
Elyvilon
Fedhas
Gozag
Hepliaklqana
Kikubaaqudgha
Makhleb
Nemelex Xobeh
Okawaru
Qazlal
Ru
Sif Muna
Trog
Uskayaw
Vehumet
Wu Jian
Xom
Yredelemnul
Zin
The Shining One
Beogh
Jiyva
Lugonu


Message History

You hit the flying skull.
The flying skull is moderately damaged.
The flying skull hits you. The frilled lizard closely misses you.
The flying skull hits you!
* * * LOW HITPOINT WARNING * * *
You are too injured to fight recklessly!
You are too injured to fight recklessly!
You are too injured to fight recklessly!
You are too berserk!
You closely miss the flying skull.
The flying skull is lightly damaged.
The flying skull barely misses you.
You barely miss the flying skull.
The flying skull is lightly damaged.
The frilled lizard closely misses you. The flying skull misses you.
You closely miss the flying skull.
The flying skull is lightly damaged.
The flying skull closely misses you. The rat misses you.
The frilled lizard bites you.
You die...

#..........†'.........
#+#####'#####......#..
#..#.†# #.........
#..'..# ####'#####
#..#### #.......#
#.†#..# #.......#
#..#..# #.......#
##'#z.#+###...<...#
#..@l....##.......#
#...r....##.......#
###########.......#
#########


You could see a flying skull, a frilled lizard and a rat.

Vanquished Creatures
  A river rat (D)
  An adder skeleton (D)
  A leopard gecko (D)
  A giant cockroach (D)
  2 jackals (D)
  A frilled lizard (D)
  A giant cockroach zombie (D)
8 creatures vanquished.

Notes
Turn   | Place    | Note
-------+----------+-------------------------------------------
     0 | D        | rocky1 the Merfolk Ice Elementalist began the quest for the
                  | Orb.
     0 | D        | Reached XP level 1. HP: 13/13 MP: 3/3
    14 | D        | Reached skill level 5 in Ice Magic
    44 | D        | Found a bloodstained altar of Trog.
    44 | D        | Found a shimmering blue altar of Sif Muna.
    44 | D        | Found a viscous altar of Jiyva.
    44 | D        | Found a hazy altar of Hepliaklqana.
    44 | D        | Found an opulent altar of Gozag.
    45 | D        | Found a glowing golden altar of the Shining One.
    45 | D        | Found a glowing silver altar of Zin.
    45 | D        | Found a basalt altar of Yredelemnul.
    45 | D        | Found a shimmering altar of Xom.
    45 | D        | Found an ornate altar of the Wu Jian Council.
    45 | D        | Found a sacrificial altar of Ru.
    45 | D        | Found a stormy altar of Qazlal.
    45 | D        | Found an iron altar of Okawaru.
    45 | D        | Found a sparkling altar of Nemelex Xobeh.
    45 | D        | Found a burning altar of Makhleb.
    45 | D        | Found a blossoming altar of Fedhas.
    45 | D        | Found a white marble altar of Elyvilon.
    45 | D        | Found a shadowy altar of Dithmenos.
    45 | D        | Found a snail-covered altar of Cheibriados.
    48 | D        | Found a corrupted altar of Lugonu.
    48 | D        | Found a radiant altar of Vehumet.
    48 | D        | Found a roughly hewn altar of Beogh.
    49 | D        | Found an ancient bone altar of Kikubaaqudgha.
    49 | D        | Found a hide-covered altar of Uskayaw.
    49 | D        | Found a broken altar of Ashenzari.
    50 | D        | Became a worshipper of Sif Muna the Loreminder
    76 | D        | Reached * piety under Sif Muna
    77 | D        | Reached skill level 1 in Polearms
    77 | D        | Reached XP level 2. HP: 13/19 MP: 5/5
    80 | D        | Reached skill level 1 in Invocations
   225 | D        | Reached skill level 6 in Ice Magic
   333 | D        | Reached ** piety under Sif Muna
   335 | D        | Noticed a flying skull
   338 | D        | HP: 1/28 [flying skull (10)]
   341 | D        | Slain by a frilled lizard

Illustrated notes

Levels and vault maps discovered:
D:        pitsprint [storerooms_1, entrance_room_1, metal_vault_4, armoury_1,
          mini_pit_1, grid_room_1, main_hall_1, silver_pit, the_coven_3,
          the_vestibule_1, steel_vault_5, golden_pit, hallway_of_sentries,
          crystal_vault_4, iron_vault_2, final_vault]

Skill      XL: |  1  2 |
---------------+-------+-----
Ice Magic      | 5 6 |  6.2
Polearms       | 1 2 |  2.4
Invocations    | 1 |  1.8
Dodging        | |  2.6
Stealth        | |  2.1
Spellcasting   | |  2.6

Action                   || total
-------------------------++-------
Melee: Trident           ||    24
 Cast: Freeze            ||     3
  Use: Potion            ||     1
 Stab: Sleeping          ||     4
Dodge: Dodged            ||    19

Table legend: (Time is in decaauts)
 A = Elapsed time spent in this place.
 B = Non-inter-level travel time spent in this place.
 C = Inter-level travel time spent in this place.
 D = Time resting spent in this place.
 E = Time spent auto-exploring this place.
 F = Levels seen in this place.
 G = Mean time per level.
                   A        B        C        D        E       F      G
               +--------+--------+--------+--------+--------+-----+--------+
         Total |    344 |    344 |      0 |    236 |      0 |   1 |  344.0 |
       Dungeon |    344 |    344 |      0 |    236 |      0 |   1 |  344.0 |
               +--------+--------+--------+--------+--------+-----+--------+

Top non-repeatable levels by time:
       D: 344 daAuts
